 Dungeon Crawl Stone Soup version 0.18.1-1-g2f07953 (webtiles) character file.

411 moxian the Ducker (level 6, 0/51 HPs)
             Began as a Demigod Gladiator on May 6, 2016.
             Killed from afar by an orc wizard (9 damage)
             ... with a puff of frost
             ... on level 3 of the Dungeon on May 7, 2016.
             The game lasted 00:22:18 (3901 turns).

moxian the Ducker (Demigod Gladiator)               Turns: 3901, Time: 00:22:19

Health: 0/51       AC:  4    Str: 23    XL:     6   Next: 32%
Magic:  8/8        EV: 15    Int: 12    God:
Gold:   190        SH:  0    Dex: 20    Spells: 0 memorised, 5 levels left

rFire  . . .     SeeInvis .     a - +0 flail (drain)
rCold  . . .     Gourm    .     q - +0 leather armour
rNeg   . . .     Faith    .     (no shield)
rPois  .         Spirit   .     c - +0 helmet
rElec  .         Dismiss  .     (no cloak)
rCorr  +         Reflect  .     (no gloves)
SustAt +         Harm     .     (no boots)
MR     .....                    (no amulet)
Stlth  ++........               (no ring)
                                u - ring of resist corrosion

@: mighty, not resistant to hostile enchantments, unstealthy
A: high mp 1, sustain attributes
a: no special abilities


You were on level 3 of the Dungeon.
You were not hungry.

You visited 1 branch of the dungeon, and saw 4 of its levels.

You collected 190 gold pieces.

Inventory:

Hand Weapons
 a - a +0 flail of draining (weapon)
 b - a +0 hunting sling
 l - a +0 flail
 n - a +0 mace
 v - a +0 hunting sling
 F - a +0 whip
 G - a +0 short sword of venom
Missiles
 d - 3 throwing nets {!f}
 e - 2 tomahawks
 i - 99 stones (quivered)
 r - 44 poisoned needles
 w - 65 arrows
 E - 11 sling bullets
Armour
 c - a +0 helmet (worn)
 h - a +0 buckler
 q - a +0 leather armour (worn)
Jewellery
 u - a ring of resist corrosion (left hand)
Scrolls
 g - 4 scrolls of remove curse
 j - a scroll of blinking {unknown}
 k - 2 scrolls of teleportation {unknown}
 m - a scroll of enchant weapon {unknown}
 s - 4 scrolls of identify
 t - a scroll of magic mapping {unknown}
 x - a scroll of random uselessness {unknown}
 y - a scroll of noise {unknown}
 C - a scroll of enchant armour {unknown}
Potions
 z - 2 potions of brilliance
Comestibles
 f - 4 bread rations
 o - 2 slices of pizza
 p - a meat ration
 A - a beef jerky
 B - 5 chunks of flesh


   Skills:
 - Level 3.5 Fighting
 - Level 4.0 Maces & Flails
 - Level 1.7 Throwing
 - Level 4.4 Dodging
 - Level 1.3 Stealth
 + Level 1.9 Shields


You had 5 spell levels left.
You didn't know any spells.

Dungeon Overview and Level Annotations

Branches:
Dungeon (4/15)
 Temple: D:4-7

Annotations:
D:4 pipel's ghost, amateur HOBe


Innate Abilities, Weirdness & Mutations

You have an increased reservoir of magic (+10% MP).
Your attributes are resistant to harm.


Message History

* * * LOW HITPOINT WARNING * * *
Something hits you but does no damage.
An orc wizard appears from thin air!
Reactivating autopickup.
The orc wizard closely misses you.
You miss the orc wizard. The orc wizard hits you with a dagger.
* * * LOW HITPOINT WARNING * * *
The orc wizard hits you but does no damage.
You miss the orc wizard. The orc wizard hits you with a dagger.
* * * LOW HITPOINT WARNING * * *
Drink which item? (? for menu, Esc to quit)
It was a potion of might.
You feel very mighty all of a sudden. The orc wizard barely misses you.
The orc wizard miscasts a cantrip.
You sock the orc wizard! You drain the orc wizard!
The orc wizard is almost dead.
The orc wizard casts a spell at you. The puff of frost hits you!
You die...

#.........####
##.##
#........##
#.# ........##
#†# #.......#
#.# ..###.###
#.# #.....#
#.# ####..#
##.# ##.####
###..# ##....#
#.@.##
##..##.# #o###
###..###.###
##.# #...##
#.[.###..#
#.###
###.....#####
..#
#.........#
..#
#.........#
..#
#.........#
..#
#.........#


You could see an orc wizard.

Vanquished Creatures
  2 orc priests
  An orc wizard (D:3)
  Jessica (D:2)
  Natasha (thrice) (D:3)
  An iguana (D:4)
  A worker ant zombie (D:4)
  7 adders
  An adder skeleton (D:4)
  5 dart slugs
  5 worms
  4 giant geckos
  14 orcs
  2 ball pythons
  3 giant cockroaches
  8 goblins
  7 hobgoblins
  6 kobolds
  A quokka (D:3)
  5 bats
  5 giant newts
  13 rats
95 creatures vanquished.

Notes
Turn   | Place    | Note
--------------------------------------------------------------
     0 | D:1      | moxian the Demigod Gladiator began the quest for the Orb.
     0 | D:1      | Reached XP level 1. HP: 17/17 MP: 3/3
   260 | D:1      | Reached XP level 2. HP: 24/24 MP: 4/4
   833 | D:1      | Reached XP level 3. HP: 29/29 MP: 5/5
  1902 | D:3      | Noticed Jessica
  1950 | D:3      | Noticed Natasha
  2127 | D:2      | Reached XP level 4. HP: 25/37 MP: 6/6
  2244 | D:2      | Killed Jessica
  2329 | D:3      | Killed Natasha
  2329 | D:3      | Reached XP level 5. HP: 45/45 MP: 7/7
  2334 | D:3      | Reached skill level 1 in Stealth
  2358 | D:3      | Noticed Natasha
  2635 | D:3      | Killed Natasha
  2648 | D:3      | Noticed Natasha
  2665 | D:3      | Killed Natasha
  2665 | D:3      | Reached skill level 1 in Shields
  3102 | D:3      | Found a faded altar to an unknown god.
  3196 | D:3      | Reached XP level 6. HP: 50/51 MP: 8/8
  3831 | D:4      | Noticed pipel's ghost (amateur HOBe)
  3901 | D:3      | Killed from afar by an orc wizard

Skill      XL: |  1  2  3  4  5  6 |
---------------+-------------------+-----
Fighting       | 2 3 |  3.5
Dodging        | 3 4 |  4.4
Maces & Flails | 3 4 |  4.0
Stealth        | 1 |  1.3
Shields        | 1 |  1.9
Throwing       | |  1.7

Action                   |  1- 3 |  4- 6 || total
-------------------------+-------+-------++-------
Melee: Flail             |   117 |   179 ||   296
 Fire: Hunting sling     |       |     3 ||     3
Throw: Stone             |     9 |    20 ||    29
  Use: Scroll            |     5 |       ||     5
       Potion            |       |     2 ||     2
 Stab: Sleeping          |     2 |       ||     2
  Eat: Chunk             |     2 |     8 ||    10
Armor: Leather armour    |    29 |    53 ||    82
       Skin              |       |    53 ||    53
Dodge: Dodged            |    74 |   131 ||   205
